 Dungeon Crawl Stone Soup version 0.18.1-8-gdd0e5ea (console) character file.

153 Kloppie the Slasher (level 5, -1/46 HPs)
             Began as a Minotaur Gladiator on June 5, 2016.
             Killed from afar by Rose's ghost (10 damage)
             ... with a puff of flame
             ... on level 3 of the Dungeon.
             The game lasted 00:03:20 (2075 turns).

Kloppie the Slasher (Minotaur Gladiator)            Turns: 2075, Time: 00:03:20

Health: -1/46      AC:  5    Str: 20    XL:     5   Next: 12%
Magic:  4/4        EV: 12    Int:  5    God:
Gold:   103        SH:  0    Dex: 11    Spells: 0 memorised, 4 levels left

rFire  . . .     SeeInvis .     a - +0 long sword
rCold  . . .     Gourm    .     e - +0 ring mail
rNeg   . . .     Faith    .     (no shield)
rPois  .         Spirit   .     c - +0 hat
rElec  .         Dismiss  .     (no cloak)
rCorr  .         Reflect  .     (no gloves)
SustAt .         Harm     .     (no boots)
MR     .....                    (no amulet)
Stlth  +.........               (no ring)
                                (no ring)

@: lethally poisoned (-1 -> -3), not resistant to hostile enchantments, very
unstealthy
A: retaliatory headbutt, horns 2
a: no special abilities


You were on level 3 of the Dungeon.
You were not hungry.

You visited 1 branch of the dungeon, and saw 3 of its levels.

You collected 103 gold pieces.

Inventory:

Hand Weapons
 a - a +0 long sword (weapon)
Missiles
 d - 2 throwing nets (quivered)
Armour
 c - a +0 hat (worn)
 e - a +0 ring mail (worn)
Scrolls
 b - a scroll of magic mapping {unknown}
 g - a scroll of fear {unknown}
 j - 2 scrolls of blinking {unknown}
 k - a scroll of identify {unknown}
 l - a scroll of teleportation {unknown}
 o - a scroll of amnesia {unknown}
 p - a scroll of recharging {unknown}
 s - a scroll of random uselessness {unknown}
 t - 2 scrolls of remove curse {unknown}
Potions
 m - 2 potions of brilliance {unknown}
 n - a potion of magic {unknown}
 q - a potion of mutation {unknown}
 r - a potion of ambrosia {unknown}
Comestibles
 f - 3 chunks of flesh
 h - 2 meat rations
 i - a royal jelly


   Skills:
 + Level 4.1 Fighting
 + Level 5.2 Long Blades
 - Level 2.0 Throwing
 + Level 3.0 Armour
 - Level 3.2 Dodging


You had 4 spell levels left.
You didn't know any spells.

Dungeon Overview and Level Annotations

Branches:
Dungeon (3/15)

Altars:
Ru

Annotations:
D:3 Rose's ghost, amateur HuFE


Innate Abilities, Weirdness & Mutations

You reflexively headbutt those who attack you in melee.
You have a pair of horns on your head.


Message History

Rose's ghost is severely damaged.
You feel sick. Rose's ghost barely misses you.
You closely miss Rose's ghost.
Rose's ghost is severely damaged.
Rose's ghost wails, "You must not fail where I succeeded!"
Rose's ghost closely misses you.
You closely miss Rose's ghost. Your headbutt misses Rose's ghost.
Rose's ghost is severely damaged.
You feel sick. Rose's ghost hits you.
* * * LOW HITPOINT WARNING * * *
You miss Rose's ghost. Your headbutt misses Rose's ghost.
Rose's ghost is severely damaged.
Rose's ghost hits you.
* * * LOW HITPOINT WARNING * * *
You barely miss Rose's ghost.
Rose's ghost is severely damaged.
You feel sick.
Rose's ghost gestures at you while chanting.
The puff of flame hits you!
You die...

..........# #...#
#..
..........###...##
#..
..#####'##..+....
#.. .
###'##'##...# ....
.........#...#
.####
.........#...# .
.........#...# .#
.........#W..#
.........@####
..........#
..........#
.......)..
######+#.#. ....
..[ . ###


You could see Rose's ghost.

Vanquished Creatures
  A worker ant (D:3)
  4 gnolls
  3 adders
  An ooze (D:3)
  A worm (D:2)
  A dart slug (D:1)
  2 giant geckos
  An orc (D:3)
  A ball python (D:2)
  11 bats
  3 giant cockroaches
  5 hobgoblins
  A quokka (D:2)
  A giant newt (D:1)
  7 goblins
  5 kobolds
  8 rats
56 creatures vanquished.

Notes
Turn   | Place    | Note
--------------------------------------------------------------
     0 | D:1      | Kloppie the Minotaur Gladiator began the quest for the Orb.
     0 | D:1      | Reached XP level 1. HP: 18/18 MP: 0/0
    77 | D:1      | Reached skill level 4 in Long Blades
    77 | D:1      | Reached skill level 1 in Armour
    77 | D:1      | Reached XP level 2. HP: 25/25 MP: 1/1
   340 | D:1      | Reached XP level 3. HP: 23/30 MP: 2/2
   789 | D:2      | Reached XP level 4. HP: 26/38 MP: 3/3
   979 | D:2      | Found a sacrificial altar of Ru.
  1477 | D:2      | Reached skill level 5 in Long Blades
  1699 | D:3      | Reached XP level 5. HP: 27/46 MP: 4/4
  1727 | D:3      | Noticed Rose's ghost (amateur HuFE)
  2075 | D:3      | Killed from afar by Rose's ghost

Skill      XL: |  1  2  3  4  5 |
---------------+----------------+-----
Long Blades    | 4 5 |  5.2
Armour         | 1 2 3 |  3.0
Fighting       | 3 4 |  4.1
Throwing       | |  2.0
Dodging        | |  3.2

Action                   |  1- 3 |  4- 6 || total
-------------------------+-------+-------++-------
Melee: Long sword        |    61 |    63 ||   124
       Headbutt          |     6 |     8 ||    14
Throw: Throwing net      |     3 |       ||     3
  Eat: Chunk             |       |     2 ||     2
       Bread ration      |       |     1 ||     1
Armor: Leather armour    |     1 |       ||     1
       Ring mail         |    22 |     7 ||    29
Dodge: Dodged            |    46 |    44 ||    90
